 Dungeon Crawl Stone Soup version 0.31-a0-277-g31ea1f6 (webtiles) character file.

Game seed: 5224734518679106873

25001 Dawnplanks the Grappler (level 12, 0/124 HPs)
             Began as a Troll Shapeshifter on July 15, 2023.
             Was an Elder of Dithmenos.
             Slain by a komodo dragon (12 damage)
             ... on level 3 of the Lair of Beasts.
             The game lasted 00:25:45 (12030 turns).

Dawnplanks the Grappler (Troll Shapeshifter)       Turns: 12030, Time: 00:25:48

Health: 0/124      AC: 18    Str: 30    XL:     12   Next: 85%
Magic:  9/13       EV: 13    Int:  4    God:    Dithmenos [****..]
Gold:   1128       SH:  8    Dex: 10    Spells: 9/11 levels left

rFire   . . .        T - +6 flail (protect)
rCold   . . .        M - +0 kite shield
rNeg    . . .        P - +1 troll leather armour {Snorg}
rPois   .            (helmet currently unavailable)
rElec   .            (cloak currently unavailable)
rCorr   .            (gloves unavailable)
SInv    .            (boots unavailable)
Will    .....        x - amulet of regeneration
Stlth   +            L - +5 ring of evasion
HPRegen 2.80/turn    r - +4 ring of protection
MPRegen 0.13/turn

%: clarity
@: about to teleport, beast-form, under a protective aura, wreathed by umbra
A: beast (slay +7), large, unfitting armour, claws 3, regeneration 1, shaggy fur
1, tough skin 1, clarity
a: Begin Untransformation, Renounce Religion, Shadow Step


You were on level 3 of the Lair of Beasts.
You worshipped Dithmenos.
Dithmenos was greatly pleased with you.
You were a hulking beast.
You visited 3 branches of the dungeon, and saw 15 of its levels.
You also visited: Ossuary.

You collected 1128 gold pieces.

Inventory:

Hand Weapons
 T - a +6 flail of protection (weapon)
Missiles
 d - 3 throwing nets
Armour
 o - the +0 robe of Brilliance {MP+9 Dex+6}
   (You found it on level 4 of the Dungeon)

   Dex:       It affects your dexterity (+6).
   MP:        It affects your magic capacity (+9).
 G - +0 acid dragon scales
 M - a +0 kite shield (worn)
 P - a +1 troll leather armour (worn) {Snorg}
Jewellery
 r - a +4 ring of protection (right claw)
 s - a ring of flight
 x - an amulet of regeneration (around neck)
 C - a ring of wizardry
 D - the ring "Ixoradeg" {Ice Int+2}
   (You found it on level 7 of the Dungeon)

   [ring of ice]

   It enhances your ice magic.
   Int:       It affects your intelligence (+2).
   rF:        It makes you vulnerable to fire.
   rC:        It protects you from cold.
 E - a ring of magical power
 L - a +5 ring of evasion (left claw)
 O - a +6 ring of dexterity
Talismans
 c - a beast talisman
Wands
 q - a wand of flame (35)
 t - a wand of polymorph (11)
 K - a wand of roots (14)
 S - a wand of acid (7)
Scrolls
 h - 2 scrolls of poison {unknown}
 j - 3 scrolls of immolation {unknown}
 k - 3 scrolls of fear {unknown}
 l - a scroll of fog {unknown}
 m - 7 scrolls of teleportation
 n - 4 scrolls of amnesia
 p - 2 scrolls of vulnerability {unknown}
 v - a scroll of brand weapon {unknown}
 y - a scroll of blinking {unknown}
 H - a scroll of acquirement {unknown}
 I - a scroll of torment {unknown}
 R - a scroll of silence {unknown}
Potions
 a - 4 potions of enlightenment {unknown}
 b - 2 potions of lignification
 e - 6 potions of might
 f - a potion of haste
 g - 4 potions of resistance
 u - 3 potions of attraction
 w - 4 potions of curing
 z - 2 potions of magic {unknown}
 A - 8 potions of ambrosia
 B - a potion of invisibility
 F - 3 potions of cancellation {unknown}
 J - 4 potions of heal wounds {unknown}
 N - a potion of brilliance {unknown}
 Q - 3 potions of mutation


   Skills:
 + Level 9.4 Fighting
 + Level 4.1 Armour
 - Level 1.5 Dodging
 * Level 5.3 Shields
 - Level 12.7 Unarmed Combat
 * Level 1.6 Transmutations
 + Level 3.3 Invocations
 - Level 10.0 Shapeshifting


You had 9 spell levels left.
You knew the following spells:

 Your Spells              Type           Power      Damage    Failure   Level
a - Wereblood             Tmut           1%         N/A       65%         2

Your spell library contained the following spells:

 Spells                   Type           Power      Damage    Failure   Level
 Slow                     Hex            0%         N/A       75%         1
 Summon Small Mammal      Summ           0%         N/A       75%         1
 Scorch                   Fire           0%         2d5       86%         2
 Call Canine Familiar     Summ           0%         N/A       98%         3
 Confusing Touch          Hex            0%         N/A       98%         3
 Portal Projectile        Hex/Tloc       0%         N/A       98%         3
 Summon Guardian Golem    Hex/Summ       0%         N/A       98%         3
 Tukima's Dance           Hex            0%         N/A       98%         3
 Vampiric Draining        Necr           0%         2d6       98%         3
 Flame Wave               Conj/Fire      0%         2d4       100%        4
 Iskenderun's Mystic Bla  Conj/Tloc      0%         2d3       100%        4
 Irradiate                Conj/Tmut      0%         3d11      100%        5
 Summon Cactus Giant      Summ           0%         N/A       100%        6


Dungeon Overview and Level Annotations

Branches:
Dungeon (11/15)            Temple (1/1) D:7            Lair (3/5) D:8
 Shoals (0/4) Lair:3        Snake (0/4) Lair:2          Orc (0/2) D:10
Ossuary (visited)

Altars:
Ashenzari
Cheibriados
Dithmenos
Elyvilon
Fedhas
Gozag
Hepliaklqana
Kikubaaqudgha
Makhleb
Nemelex Xobeh
Okawaru
Qazlal
Ru
Sif Muna
Trog
Uskayaw
Vehumet
Wu Jian
Xom
Yredelemnul
Zin
The Shining One

Annotations:
D:7 2 transporters
Lair:3 1 runed translucent door, PurpleRed's ghost, journeyman TrSh


Innate Abilities, Weirdness & Mutations

You are a hulking beast.
Your limbs bulge with bestial killing power. (Slay +7)
You are too large for most types of armour.
You have claws for hands.
Your natural rate of healing is unusually fast.
You are covered in fur. (AC +1)
You have tough skin. (AC +1)
You possess an exceptional clarity of mind.


Message History

The wyvern barely misses you. You block the blink frog's attack.
The blink frog blinks!
The five-headed hydra bites you but does no damage.
The five-headed hydra bites you!
The five-headed hydra bites you but does no damage.
You block the five-headed hydra's attack.
The five-headed hydra bites you. The wyvern bites you!
The blink frog misses you. You block the blink frog's attack.
You sock the five-headed hydra!
The five-headed hydra is heavily wounded.
The wyvern misses you. You block the blink frog's attack. x2
The five-headed hydra bites you.
The five-headed hydra bites you but does no damage.
You block the five-headed hydra's attack.
The five-headed hydra bites you! The five-headed hydra misses you.
The wyvern barely misses you.
The blink frog hits you but does no damage.
The five-headed hydra bites you!
The five-headed hydra bites you but does no damage.
The five-headed hydra barely misses you.
The five-headed hydra bites you. x2; The blink frog hits you.
As you read the scroll of teleportation, it crumbles to dust.
You feel strangely unstable.
The wyvern bites you but does no damage.
The blink frog completely misses you. The blink frog closely misses you.
The five-headed hydra bites you but does no damage.
The five-headed hydra misses you. The five-headed hydra bites you! x2
* * * LOW HITPOINT WARNING * * *
The five-headed hydra closely misses you.
The wyvern bites you but does no damage.
The blink frog hits you!
* * * LOW HITPOINT WARNING * * *
Okay, then.
Aiming: Shadow Step
Press: ? - help, Dir - move target, f - komodo dragon
Aim: a komodo dragon (umbra)
You step into the komodo dragon's shadow.
The blink frog hits you but does no damage.
The komodo dragon bites you!
You die...

######.##..##..# ....
#P##........<.## ....#
##.............###
.....##..............P..
........F...............
...)....F.#.[...........
......Dl...............#
.......l..#..........P..
....PP.h...............P
...##...F.#....).##.#P..
...........P....# #.....
..#.#........... #######
# ##......... #††....
#......... #.††...
#......... #†..††.
####.#.... #......
#..†.†.


You could see a five-headed hydra, a komodo dragon, 3 blink frogs and a wyvern.

Vanquished Creatures
  Snorg (D:11)
  A hydra (Lair:2)
  A catoblepas (Lair:1)
  4 two-headed ogres
  2 skysharks (Lair:3)
  A black mamba (Lair:2)
  4 torpor snails (Lair:1)
  3 unseen horror zombies (D:8)
  4 cane toads (Lair:1)
  5 komodo dragons
  A queen bee (Lair:3)
  2 merfolk (Lair:3)
  A polar bear (Lair:2)
  7 blink frogs
  3 trolls
  2 hornets
  2 spriggans (Lair:2)
  2 wraiths
  A wyvern (D:8)
  20 yaks
  A shadow (D:10)
  2 basilisks
  2 steam dragons (D:8)
  Menkaure (D:6)
  An acid dragon (D:8)
  7 water moccasins
  2 ice beasts
  An orc warrior (D:10)
  2 ogres
  2 black bears
  A hornet zombie (D:8)
  A centaur (D:10)
  18 wolves
  10 bullfrogs
  A wyvern zombie (D:8)
  A gnoll sergeant (D:9)
  11 wights
  29 killer bees
  An electric eel (Lair:3)
  5 howler monkeys
  4 centaur zombies (D:8)
  2 jellies
  2 hounds (D:5)
  7 orc priests
  Jessica (D:3)
  Terence (D:2)
  9 orc wizards
  9 iguanas
  4 killer bee zombies (D:8)
  9 mummies
  Robin (D:3)
  21 gnolls
  A howler monkey zombie (D:8)
  7 adders
  A shadow imp (D:6)
  2 white imps (D:6)
  A worm (D:2)
  2 dart slugs
  27 orcs
  5 bats
  2 endoplasms
  2 giant cockroaches (D:4)
  11 goblins
  10 hobgoblins
  2 quokkas
  4 ball pythons
  A frilled lizard (D:2)
  3 hobgoblin zombies (Ossuary)
  6 kobolds
  2 kobold zombies (Ossuary)
  3 orc zombies (Ossuary)
  5 rats
333 creatures vanquished.

Notes
Turn   | Place    | Note
-------+----------+-------------------------------------------
     0 | D:1      | Dawnplanks the Troll Shapeshifter began the quest for the
                  | Orb.
     0 | D:1      | Reached XP level 1. HP: 19/19 MP: 0/0
   170 | D:1      | Reached XP level 2. HP: 28/28 MP: 1/1
   397 | D:1      | You fall into a shaft and drop 1 floor!
   443 | D:2      | Reached XP level 3. HP: 35/35 MP: 2/2
   796 | D:2      | Noticed Terence
   804 | D:2      | Killed Terence
   805 | D:2      | Reached XP level 4. HP: 37/42 MP: 3/3
  1124 | D:3      | Noticed Robin
  1151 | D:2      | Reached skill level 3 in Unarmed Combat
  1169 | D:3      | Killed Robin
  1233 | D:3      | Found a snail-covered altar of Cheibriados.
  1631 | D:3      | Noticed Jessica
  1634 | D:3      | Killed Jessica
  1635 | D:3      | Reached XP level 5. HP: 44/49 MP: 4/4
  1858 | D:4      | Reached skill level 4 in Unarmed Combat
  1895 | D:4      | Identified the +0 robe of Brilliance {MP+9 Dex+6}
  1979 | D:4      | Noticed an ice beast
  1993 | D:4      | HP: 2/49 [ice beast (10)]
  2005 | D:4      | Killed an ice beast
  2006 | D:4      | Reached XP level 6. HP: 25/57 MP: 5/5
  2143 | D:4      | Reached skill level 5 in Unarmed Combat
  2665 | D:5      | Entered Level 5 of the Dungeon
  2738 | D:5      | Reached skill level 5 in Shapeshifting
  2738 | D:5      | Reached XP level 7. HP: 66/66 MP: 6/6
  2767 | D:5      | Reached skill level 6 in Unarmed Combat
  2981 | D:5      | Found a sand-covered staircase.
  2990 | Ossuary  | Entered an ossuary
  3029 | Ossuary  | Reached skill level 7 in Unarmed Combat
  3225 | D:5      | Reached XP level 8. HP: 74/74 MP: 7/7
  3637 | D:5      | Found a shimmering altar of Xom.
  3882 | D:6      | Reached skill level 8 in Unarmed Combat
  4033 | D:6      | Found a hazy altar of Hepliaklqana.
  4037 | D:6      | Noticed Menkaure
  4045 | D:6      | Killed Menkaure
  4481 | D:7      | Found a transporter.
  4484 | D:7      | Found a transporter.
  4688 | D:7      | Found a staircase to the Ecumenical Temple.
  4721 | D:7      | Identified the ring "Ixoradeg" {Ice Int+2}
  4726 | Temple   | Entered the Ecumenical Temple
  4900 | Temple   | Became a worshipper of Dithmenos the Shadowed
  5362 | D:8      | Reached XP level 9. HP: 78/81 MP: 8/8
  5545 | D:8      | Found an opulent altar of Gozag.
  5568 | D:8      | Reached skill level 9 in Unarmed Combat
  5659 | D:8      | Reached * piety under Dithmenos
  5885 | D:8      | Found a burning altar of Makhleb.
  5950 | D:8      | Reached XP level 10. HP: 94/94 MP: 9/9
  6081 | D:8      | Reached skill level 5 in Fighting
  6142 | D:8      | HP: 4/96 [komodo dragon (8)]
  6262 | D:8      | Found a staircase to the Lair.
  6408 | D:9      | Reached skill level 10 in Unarmed Combat
  6447 | D:9      | Noticed a two-headed ogre
  6465 | D:9      | Killed a two-headed ogre
  6553 | D:9      | Found an ancient bone altar of Kikubaaqudgha.
  6554 | D:9      | Found a glowing golden altar of the Shining One.
  6669 | D:9      | Found an iron altar of Okawaru.
  6783 | D:9      | Paralysed by a hornet for 3 turns
  6791 | D:9      | Paralysed by a hornet for 3 turns
  7241 | D:9      | Found a hide-covered altar of Uskayaw.
  7303 | D:10     | Entered Level 10 of the Dungeon
  7378 | D:10     | Reached skill level 1 in Invocations
  7454 | D:10     | Reached ** piety under Dithmenos
  7508 | D:10     | Noticed a two-headed ogre
  7515 | D:10     | Killed a two-headed ogre
  7521 | D:10     | Reached XP level 11. HP: 79/107 MP: 11/11
  7581 | D:10     | Found a blossoming altar of Fedhas.
  7812 | D:10     | Found a staircase to the Orcish Mines.
  7830 | D:10     | Found a glowing silver altar of Zin.
  7830 | D:10     | Noticed an angel
  7857 | D:10     | Paralysed by a hornet for 2 turns
  7915 | D:10     | Found a shimmering blue altar of Sif Muna.
  8355 | D:10     | Found a sacrificial altar of Ru.
  8453 | D:11     | Noticed a two-headed ogre
  8462 | D:11     | Killed a two-headed ogre
  8495 | D:11     | Noticed a two-headed ogre
  8500 | D:11     | Killed a two-headed ogre
  8501 | D:11     | Reached skill level 11 in Unarmed Combat
  8501 | D:11     | Reached skill level 10 in Shapeshifting
  8700 | D:11     | Noticed Snorg
  8711 | D:11     | Killed Snorg
  9046 | D:11     | Gained mutation: You are occasionally teleported next to
                  | monsters. [potion of mutation]
  9047 | D:11     | Lost mutation: You are occasionally teleported next to
                  | monsters. [potion of mutation]
  9047 | D:11     | Gained mutation: Your mind is acute. (Int +4, Str/Dex -1)
                  | [potion of mutation]
  9048 | D:11     | Lost mutation: Your mind is acute. (Int +4, Str/Dex -1)
                  | [potion of mutation]
  9048 | D:11     | Gained mutation: You have sharp toenails. [potion of
                  | mutation]
  9389 | Lair:1   | Entered Level 1 of the Lair of Beasts
  9469 | Lair:1   | Noticed a catoblepas
  9483 | Lair:1   | Killed a catoblepas
  9503 | Lair:1   | HP: 3/111 [yak (13)]
  9512 | Lair:1   | Reached skill level 12 in Unarmed Combat
  9614 | Lair:1   | Found a snail-covered altar of Cheibriados.
  9664 | Lair:1   | Reached XP level 12. HP: 122/122 MP: 13/13
  9822 | Lair:1   | Lost mutation: You have sharp toenails. [potion of
                  | mutation]
  9822 | Lair:1   | Gained mutation: You possess an exceptional clarity of
                  | mind. [potion of mutation]
 10367 | Lair:2   | Found a staircase to the Snake Pit.
 10376 | Lair:2   | Found the +7 Kryia's mail coat {PotionHeal*2 rC+}
 10408 | Lair:2   | Reached *** piety under Dithmenos
 10416 | Lair:2   | Reached skill level 1 in Armour
 10424 | Lair:2   | Reached skill level 1 in Shields
 10714 | Lair:2   | Noticed a four-headed hydra
 10723 | Lair:2   | Killed a nine-headed hydra
 11477 | Lair:2   | Learned a level 2 spell: Wereblood
 11704 | Lair:3   | Reached skill level 1 in Transmutations
 11806 | Lair:3   | Found a staircase to the Shoals.
 11856 | Lair:3   | Found a runed translucent door.
 11859 | Lair:3   | Noticed PurpleRed's ghost (journeyman TrSh)
 11894 | Lair:3   | Reached skill level 5 in Shields
 11894 | Lair:3   | Reached **** piety under Dithmenos
 12020 | Lair:3   | Noticed a five-headed hydra
 12030 | Lair:3   | Slain by a komodo dragon

Illustrated notes

Levels and vault maps discovered:
D:1:      tarquinn_simple_flora_water_d, layout_loops_corners
D:2:      minmay_recursive_quarters, layout_loops_ring, uniq_terence
D:3:      layout_loops_ring, slow_altar_1, uniq_robin, uniq_jessica
D:4:      layout_loops_ring
D:5:      layout_basic, marbit_many_paths, nicolae_ossuary_entry_monument
D:6:      layout_loops_ring, mainiacjoe_overflow_tiny_flanked,
          serial_bayou_pond_c, uniq_menkaure
D:7:      gammafunk_steamed_eel, layout_gridville, minmay_temple_entry_wispy
D:8:      layout_basic, mainiacjoe_overflow_concentric_impassable,
          mainiacjoe_overflow_cross_hatched, erik_lair_dragon, serial_undead,
          serial_undead_c, serial_undead_e, serial_undead_d, serial_undead_a,
          serial_undead_c, serial_undead_a
D:9:      layout_grid_maze, amcnicky_altar_gilded, kennysheep_mini_moat,
          nicolae_overflow_two_pavilions
D:10:     layout_roguey, nicolae_ru_path_of_blood, zin_angel,
          mainiacjoe_overflow_catwalk, nicolae_sif_muna_little_library,
          wad_floor_pattern_1
D:11:     layout_basic, uniq_snorg
Temple:   hellmonk_temple_forest_ring
Lair:1:   layout_hall_layers, kennysheep_snail_temple, grunt_megastairs_5,
          lemuel_fruit_tree
Lair:2:   layout_regular_city, dummy_snake_entry, forest_entry_grove,
          infiniplex_staircase_pool_2
Lair:3:   minmay_lair_oklob_tunnel, layout_gridlike, elwin_shoals_entry_rooms,
          special_room [special_room_bee], ebering_ghost_funeral_grove

Skill      XL: |  1  2  3  4  5  6  7  8  9 10 11 12 |
---------------+-------------------------------------+-----
Shapeshifting  | 4 5 7 8 9 10 | 10.0
Unarmed Combat | 3 4 5 7 8 9 10 12 | 12.7
Fighting       | 2 3 4 6 8 9 |  9.4
Invocations    | 2 3 |  3.3
Armour         | 4 |  4.1
Shields        | 5 |  5.3
Transmutations | 1 |  1.6
Dodging        | |  1.5

Action                     |  1- 3 |  4- 6 |  7- 9 | 10-12 || total
---------------------------+-------+-------+-------+-------++-------
  Melee: Unarmed           |    65 |    97 |   250 |   512 ||   924
         Punch             |     2 |     2 |     8 |    11 ||    23
         Kick              |       |       |       |    36 ||    36
         Flail             |       |       |       |     5 ||     5
 Invoke: Shadow Step       |       |       |       |     2 ||     2
    Use: Potion            |       |     1 |       |     9 ||    10
         Scroll            |       |       |     5 |    11 ||    16
   Stab: Sleeping          |     1 |     1 |     6 |     1 ||     9
         Distracted        |       |     1 |       |       ||     1
         Invisible         |       |       |       |     7 ||     7
 Armour: Animal skin       |    24 |    16 |       |       ||    40
         Skin              |       |     5 |       |       ||     5
         Robe              |       |     5 |    89 |       ||    94
         Steam dragon scal |       |       |     4 |     4 ||     8
         Acid dragon scale |       |       |       |    50 ||    50
         Troll leather arm |       |       |       |   135 ||   135
  Dodge: Dodged            |    27 |    43 |    97 |   434 ||   601
  Block: Kite shield       |       |       |       |   178 ||   178

Table legend: (Time is in decaauts)
 A = Elapsed time spent in this place.
 B = Non-inter-level travel time spent in this place.
 C = Inter-level travel time spent in this place.
 D = Time resting spent in this place.
 E = Time spent auto-exploring this place.
 F = Levels seen in this place.
 G = Mean time per level.
                   A        B        C        D        E       F      G
               +--------+--------+--------+--------+--------+-----+--------+
         Total |  11938 |  10773 |   1165 |    216 |   8670 |  16 |  746.1 |
       Dungeon |   9188 |   8226 |    962 |    216 |   6780 |  11 |  835.3 |
        Temple |    186 |    142 |     44 |      0 |    131 |   1 |  186.0 |
          Lair |   2359 |   2200 |    159 |      0 |   1647 |   3 |  786.3 |
       Ossuary |    204 |    204 |      0 |      0 |    112 |   1 |  204.0 |
               +--------+--------+--------+--------+--------+-----+--------+

Top non-repeatable levels by time:
     D:8: 1313 daAuts
     D:9: 1091 daAuts
  Lair:1: 1028 daAuts
    D:11: 903 daAuts
     D:5: 887 daAuts
    D:10: 882 daAuts
  Lair:2: 871 daAuts
     D:4: 854 daAuts
     D:7: 820 daAuts
     D:2: 738 daAuts
     D:3: 668 daAuts
     D:6: 631 daAuts
  Lair:3: 459 daAuts
     D:1: 396 daAuts
 Ossuary: 204 daAuts
